 Dungeon Crawl Stone Soup version 0.28-a0-1167-g616b1c6417 (webtiles) character file.

Game seed: 396091843116993341

119 ChaosChampion the Magician (level 4, -32/24 HPs)
             Began as a Deep Elf Conjurer on Dec 16, 2021.
             Killed from afar by Ijyb (34 damage)
             ... with a bolt of acid
             ... on level 3 of the Dungeon.
             The game lasted 00:03:02 (2868 turns).

ChaosChampion the Magician (Deep Elf Conjurer)      Turns: 2868, Time: 00:03:02

Health: -32/24     AC:  2    Str:  4    XL:     4   Next: 74%
Magic:  0/13       EV: 12    Int: 25    God:
Gold:   119        SH:  0    Dex: 13    Spells: 3/14 levels left

rFire   . . .      SeeInvis .   k - staff of earth
rCold   . . .      Faith    .   (no shield)
rNeg    . . .      Spirit   .   a - +0 robe
rPois   .          Reflect  .   (no helmet)
rElec   .          Harm     .   (no cloak)
rCorr   .          Rampage  .   (no gloves)
Will    .....                   (no boots)
Stlth   ++........              (no amulet)
HPRegen 0.08/turn               (no ring)
MPRegen 0.13/turn               (no ring)

@: no status effects
A: no striking features
a: no special abilities


You were on level 3 of the Dungeon.
You visited 1 branch of the dungeon, and saw 3 of its levels.

You collected 119 gold pieces.

Inventory:

Armour
 a - a +0 robe (worn)
Magical Staves
 k - a staff of earth (weapon)
Wands
 j - a wand of flame (3)
Scrolls
 c - 2 scrolls of teleportation {unknown}
 e - a scroll of magic mapping {unknown}
 f - a scroll of fear {unknown}
 h - 2 scrolls of identify {unknown}
 i - a scroll of immolation {unknown}
Potions
 b - 2 potions of might {unknown}
 d - a potion of berserk rage {unknown}
 g - a potion of mutation {unknown}


   Skills:
 - Level 2.4 Dodging
 - Level 2.4 Stealth
 + Level 5.8 Spellcasting
 + Level 5.2 Conjurations
 * Level 0.1 Hexes
 * Level 0.0 Translocations
 * Level 0.0 Earth Magic


You had 3 spell levels left.
You knew the following spells:

 Your Spells              Type           Power      Damage    Failure   Level
a - Magic Dart            Conj           100%       1d8       1%          1
b - Searing Ray           Conj           66%        2d6       1%          2
c - Leda's Liquefaction   Hex/Erth       5%         N/A       58%         4
d - Iskenderun's Mystic   Conj/Tloc      20%        2d6       26%         4

Your spell library contained the following spells:

 Spells                   Type           Power      Damage    Failure   Level
 Dazzling Flash           Conj/Hex       40%        N/A       8%          3
 Call Canine Familiar     Summ           7%         N/A       22%         3
 Portal Projectile        Hex/Tloc       14%        N/A       22%         3
 Fulminant Prism          Conj/Hex       10%        3d9       26%         4


Dungeon Overview and Level Annotations

Branches:
Dungeon (3/15)

Altars:
Makhleb

Shops:
D:3 [

Annotations:
D:3 Ijyb


Message History

The searing ray hits Ijyb but does no damage.
Ijyb is moderately wounded.
Casting: Searing Ray (safe; 1% risk of failure)
Confirm with . or Enter, or press ? or * to list all spells.
Restarting spell: Searing Ray (safe; 1% risk of failure)
Press: ? - help, Shift-Dir - straight line, f/p - Ijyb
Aim: Ijyb, wielding a +7 club, wearing a +0 chain mail and carrying a wand of acid (4) (moderately wounded, fast, 81% to hit)
The searing ray hits Ijyb but does no damage.
Ijyb is moderately wounded. (Press . to maintain the ray.) Ijyb zaps a wand.
The bolt of acid misses you.
The searing ray hits Ijyb.
Ijyb is heavily wounded.
Ijyb misses you.
A kobold comes into view. It is wielding a +0 dagger.
Casting: Searing Ray (safe; 1% risk of failure)
Confirm with . or Enter, or press ? or * to list all spells.
Restarting spell: Searing Ray (safe; 1% risk of failure)
Press: ? - help, Shift-Dir - straight line, f/p - Ijyb
Aim: Ijyb, wielding a +7 club, wearing a +0 chain mail and carrying a wand of acid (3) (heavily wounded, fast, 81% to hit)
The searing ray hits Ijyb but does no damage.
Ijyb is heavily wounded. (Press . to maintain the ray.)
The kobold shouts!
Ijyb hits you with a +7 club!
* * * LOW HITPOINT WARNING * * *
The searing ray hits Ijyb.
Ijyb is heavily wounded.
Ijyb misses you.
An endoplasm comes into view.
The kobold barely misses you.
A kobold comes into view. It is wielding a +0 dagger.
Ijyb hits you with a +7 club.
* * * LOW HITPOINT WARNING * * *
Ijyb screams, "Die!"
Ijyb zaps a wand.
The bolt of acid hits the kobold!
The kobold dies!
The bolt of acid hits you!!
Ouch! That really hurt!
You die...

####.#K ......J
......K .......
....).. .......
.......#######
.......g.).@.##
#.
############..#
#.# ##.# .. #.#
#. #.## .
#..####### #
##.#.#.#.#### #
#...........# #
##.......##.# #


You could see Ijyb (fast).

Vanquished Creatures
  Robin (D:3)
  2 adders
  A gnoll (D:3)
  4 worms
  2 dart slugs (D:3)
  4 bats
  8 endoplasms
  A giant cockroach (D:3)
  12 goblins
  4 jackals (D:2)
  6 kobolds
  3 quokkas
  8 ball pythons
  A frilled lizard (D:2)
  5 rats
62 creatures vanquished.

Vanquished Creatures (others)
  A kobold (D:3)
1 creature vanquished.

Grand Total: 63 creatures vanquished

Notes
Turn   | Place    | Note
-------+----------+-------------------------------------------
     0 | D:1      | ChaosChampion the Deep Elf Conjurer began the quest for the
                  | Orb.
     0 | D:1      | Reached XP level 1. HP: 10/10 MP: 6/6
   290 | D:1      | Reached XP level 2. HP: 15/15 MP: 5/8
   293 | D:1      | Learned a level 2 spell: Searing Ray
   391 | D:1      | You fall into a shaft and drop 1 floor!
   864 | D:2      | Reached XP level 3. HP: 19/19 MP: 7/10
  1024 | D:2      | Found a faded altar of an unknown god.
  1801 | D:3      | Reached skill level 5 in Spellcasting
  1870 | D:3      | Found a burning altar of Makhleb.
  1871 | D:3      | Found Feunato's Armour Shoppe.
  1873 | D:3      | Reached skill level 5 in Conjurations
  1999 | D:3      | Reached XP level 4. HP: 24/24 MP: 10/13
  2000 | D:3      | Noticed Robin
  2332 | D:3      | Killed Robin
  2781 | D:3      | Learned a level 4 spell: Leda's Liquefaction
  2786 | D:3      | Learned a level 4 spell: Iskenderun's Mystic Blast
  2853 | D:3      | Noticed Ijyb
  2868 | D:3      | Killed from afar by Ijyb

Illustrated notes

Levels and vault maps discovered:
D:1:      ncdulo_watergridlock, layout_loops_ring, chequers_arboretum,
          minmay_misc_feat_nine_boxes
D:2:      layout_loops_corners, ebering_ecumenical_altar_abandoned
D:3:      layout_basic, bloody_makhleb, serial_shops, shop, st_stairs_4,
          uniq_robin, uniq_ijyb

Skill      XL: |  1  2  3 |
---------------+----------+-----
Spellcasting   | 4 5 |  5.8
Conjurations   | 5 |  5.2
Dodging        | |  2.4
Stealth        | |  2.4
Hexes          | |  0.1

Action                   |  1- 3 |  4- 6 || total
-------------------------+-------+-------++-------
 Cast: Magic Dart        |    59 |    12 ||    71
       Searing Ray       |     9 |    16 ||    25
Armor: Robe              |       |     2 ||     2
Dodge: Dodged            |     8 |    17 ||    25

Table legend: (Time is in decaauts)
 A = Elapsed time spent in this place.
 B = Non-inter-level travel time spent in this place.
 C = Inter-level travel time spent in this place.
 D = Time resting spent in this place.
 E = Time spent auto-exploring this place.
 F = Levels seen in this place.
 G = Mean time per level.
                   A        B        C        D        E       F      G
               +--------+--------+--------+--------+--------+-----+--------+
         Total |   2870 |   2827 |     43 |    287 |   2202 |   3 |  956.7 |
       Dungeon |   2870 |   2827 |     43 |    287 |   2202 |   3 |  956.7 |
               +--------+--------+--------+--------+--------+-----+--------+

Top non-repeatable levels by time:
     D:2: 1494 daAuts
     D:3: 984 daAuts
     D:1: 391 daAuts
